AoeStats
← Dustin

Arabia

506189585Analyzed
1v1 RM · 20d ago on Sep 12, 2026· 48m 52s· 2 players
Game mode
Random Map
Map size
Tiny (2 player)
Population
200
Speed
Normal
Resources
Standard
Victory
Conquest
Starting age
Dark Age
Ending age
Imperial Age
RankedLock teamsTeams togetherTeam positionsShared explorationLock speedFull tech treeHidden civsTurbo modeCheats
Victory
Defeat
🇫🇷 Maya · France
1654
+17
🇩🇪 Jurchens · Germany
1671
-17
KARL MARX
0:27 Loom
0:27 Loom
9:08 Feudal Age
10:14 Double-Bit Axe
10:46 Horse Collar
15:35 Wheelbarrow
19:34 Castle Age
18:01 Gold Mining
18:57 Fletching
19:37 Crossbowman
20:13 Bodkin Arrow
21:19 Scale Mail Armor
22:17 Squires
32:38 Ballistics
32:21 Padded Archer Armor
32:33 Thumb Ring
33:41 Eagle Warrior
40:47 Imperial Age
38:36 Forging
38:36 Town Watch
39:07 Hand Cart
39:29 Bow Saw
40:56 Arbalester
41:38 Bracer
41:53 Leather Archer Armor
43:09 Chemistry
44:09 Ring Archer Armor
46:06 Elite Skirmisher
48:00 Masonry
49:02 Two-Man Saw
48:03 Heavy Plow
48:06 Town Patrol
49:35 Chain Mail Armor
Dustin
6:50 Loom
9:22 Feudal Age
10:12 Horse Collar
10:20 Double-Bit Axe
10:17 Horse Collar
19:14 Castle Age
18:19 Padded Archer Armor
19:01 Wheelbarrow
18:21 Gold Mining
28:28 Scale Barding Armor
27:55 Light Cavalry
28:50 Forging
29:11 Hand Cart
29:08 Bow Saw
31:44 Bloodlines
33:12 Leather Archer Armor
37:21 Town Watch
44:08 Imperial Age
41:58 Husbandry
42:04 Fortified Bastions
42:15 Heavy Plow
43:00 Masonry
45:14 Thunderclap Bombs
Connection lost

Rejoining the realm…

Still unreachable

The connection could not be restored.

Session expired

The server has moved on; the page needs a fresh start.